 Dungeon Crawl Stone Soup version 0.31.0-11-ge490571c62 (webtiles) character file.

Game seed: 14574819640744580139

11 Silvore the Trooper (level 2, -1/24 HPs)
             Began as a Demonspawn Fighter on Feb 7, 2024.
             Frozen to death by an endoplasm (4 damage)
             ... on level 1 of the Dungeon.
             The game lasted 00:00:35 (572 turns).

Silvore the Trooper (Demonspawn Fighter)             Turns: 572, Time: 00:00:36

Health: -1/24      AC:  6    Str: 16    XL:     2   Next: 17%
Magic:  2/2        EV:  8    Int:  8    God:
Gold:   30         SH:  4    Dex: 12    Spells: 1/1 levels left

rFire   . . .        a - +0 long sword
rCold   . . .        c - +0 buckler
rNeg    . . .        b - +0 scale mail
rPois   .            (no helmet)
rElec   .            (no cloak)
rCorr   .            (no gloves)
SInv    .            (no boots)
Will    .....        (no amulet) Stlth
                     (no ring)
HPRegen 0.24/turn    (no ring)
MPRegen 0.08/turn

%: no passive effects
@: no status effects
A: demonic magic 1
a: no special abilities


You were on level 1 of the Dungeon.
You visited 1 branch of the dungeon, and saw 1 of its levels.

You collected 30 gold pieces.

Inventory:

Hand Weapons
 a - a +0 long sword (weapon)
Armour
 b - a +0 scale mail (worn)
 c - a +0 buckler (worn)
Jewellery
 i - a ring of resist corrosion
Scrolls
 f - 2 scrolls of poison {unknown}
 g - 4 scrolls of identify {unknown}
 h - a scroll of brand weapon {unknown}
 j - a scroll of teleportation {unknown}
Potions
 d - a potion of might
 e - a potion of heal wounds {unknown}


   Skills:
 + Level 3.2 Fighting
 + Level 1.9 Long Blades
 + Level 2.9 Armour
 + Level 2.9 Shields


You had one spell level left.
You didn't know any spells.
Your spell library was empty.

Dungeon Overview and Level Annotations

Branches:
Dungeon (1/15)

Altars:

Shops:
D:1 ?


Innate Abilities, Weirdness & Mutations

Spells you cast may paralyse adjacent enemies.


Message History

An endoplasm is nearby!
An endoplasm is nearby!
The endoplasm closely misses you.
The endoplasm hits you but does no damage.
The endoplasm hits you but does no damage.
The endoplasm barely misses you. You block the endoplasm's attack.
The endoplasm hits you but does no damage.
You block the endoplasm's attack. The endoplasm freezes you.
You are frozen.
The endoplasm hits you but does no damage.
The endoplasm freezes you.
You are frozen.
The endoplasm hits you. The endoplasm hits you. The endoplasm freezes you.
You are frozen.
The endoplasm closely misses you.
The endoplasm hits you but does no damage.
The endoplasm freezes you.
You are frozen.
The endoplasm jiggles.
The endoplasm freezes you.
You are frozen.
The endoplasm hits you but does no damage.
The endoplasm hits you.
The endoplasm hits you but does no damage.
The endoplasm freezes you.
You are frozen.
* * * LOW HITPOINT WARNING * * *
The endoplasm freezes you.
You are frozen.
* * * LOW HITPOINT WARNING * * *
The endoplasm hits you but does no damage.
The endoplasm hits you but does no damage.
The endoplasm hits you but does no damage.
The endoplasm freezes you.
You are frozen.
You die...

.# #######.###
#....# #
.######.........#
##.### #
........#######.#
#.# # #######.#
#.######.# # #.#
#........# # #.#
#.######## # #.#
###.# # #.#
##...######## #
#.####..#.@J.....#
#
#...†...####..##.#
# ######....#.#.#
# ##..##.### #
#.#..⌠..# # ##
##.###.##...# # .
#..#.#.# # #
#.#.##..#### #
###.#........#. #


You could see an endoplasm.

Vanquished Creatures
  3 ball pythons (D:1)
  2 giant cockroaches (D:1)
  A goblin (D:1)
  A hobgoblin (D:1)
  A kobold (D:1)
  A frilled lizard (D:1)
  A rat (D:1)
10 creatures vanquished.

Notes
Turn   | Place    | Note
-------+----------+-------------------------------------------
     0 | D:1      | Silvore the Demonspawn Fighter began the quest for the Orb.
     0 | D:1      | Reached XP level 1. HP: 18/18 MP: 1/1
     2 | D:1      | Found Zoggor's Magic Scroll Shop.
   419 | D:1      | Gained mutation: Spells you cast may paralyse adjacent
                  | enemies. [demonic ancestry]
   419 | D:1      | Reached XP level 2. HP: 24/24 MP: 2/2
   572 | D:1      | Frozen to death by an endoplasm

Illustrated notes

Levels and vault maps discovered:
D:1:      minmay_arrival_open_corners, layout_loops_corners, serial_shops, shop,
          minmay_misc_feat_room, st_stairs_2, minmay_octomino_j4

Action                     || total
---------------------------++-------
  Melee: Long sword        ||    42
 Armour: Scale mail        ||    44
  Dodge: Dodged            ||    23
  Block: Buckler           ||    13
